Map: [ESL] Oceanborn

Players

Jim

  • Race: Protoss Protoss
  • Spawn Location: 11:00

Firefly - Winner!

  • Race: Protoss Protoss
  • Spawn Location: 5:00

Event: ESL SC2 Masters 2024 Spring (Regional)

VOD

Have the link to the VOD?

Description

Time

  • Played on: April 11, 2024, 9:21 a.m.
  • Length: 11:06

All games in this series

Show
View Real Time Build Order
Export as new Build Order

Jim Protoss 

Build Orders: Phoenix Opening, Blink Stalkers 

Get SALT Encoding   

  12  0:00  Probe  
  13  0:12  Probe  
  14  0:17  Pylon  
  14  0:24  Probe  
  15  0:36  Probe (Chrono Boost), Gateway  
  16  0:46  Assimilator, Probe (Chrono Boost)  
  17  0:51  Probe (Chrono Boost)  
  17  0:56  Assimilator  
  18  1:03  Probe (Chrono Boost)  
  19  1:07  Gateway  
  19  1:12  Probe (Chrono Boost)  
  19  1:17  Probe (Chrono Boost)  
  20  1:24  Cybernetics Core  
  21  1:29  Probe  
  22  1:35  Pylon  
  22  1:41  Probe  
  23  1:53  Probe  
  24  2:00  Sentry, Stalker  
  28  2:02  Warp Gate  
  28  2:05  Probe  
  29  2:09  Pylon  
  29  2:21  Pylon  
  29  2:25  Stalker  
  31  2:33  Phoenix  
  31  2:47  Sentry  
  31  2:50  Probe  
  34  2:56  Nexus  
  34  2:59  Shield Battery  
  34  3:02  Probe  
  35  3:10  Twilight Council  
  35  3:14  Probe  
  35  3:19  Pylon  
  36  3:26  Probe (Chrono Boost)  
  37  3:36  Probe (Chrono Boost)  
  37  3:38  Forge  
  37  3:39  Phoenix  
  37  3:41  Blink (Chrono Boost), Probe (Chrono Boost)  
  39  3:52  Stalker  
  39  3:55  Probe  
  42  4:02  Stalker  
  44  4:08  Probe (Chrono Boost)  
  46  4:11  Protoss Ground Weapons Level 1  
  46  4:12  Probe (Chrono Boost)  
  47  4:18  Probe (Chrono Boost)  
  47  4:21  Probe (Chrono Boost)  
  47  4:23  Probe (Chrono Boost)  
  48  4:25  Stalker  
  48  4:29  Stalker  
  48  4:31  Probe  
  54  4:35  Probe  
  51  4:42  Robotics Facility  
  51  4:49  Pylon  
  47  5:02  Stalker x2  
  47  5:05  Nexus  
  51  5:08  Probe, Shield Battery  
  51  5:10  Probe  
  53  5:21  Probe  
  54  5:22  Probe  
  54  5:25  Stalker x2  
  54  5:26  Observer  
  59  5:33  Probe  
  59  5:34  Probe  
  62  5:39  Gateway  
  62  5:41  Gateway  
  60  5:45  Probe  
  60  5:46  Probe  
  61  5:50  Gateway x2  
  61  5:52  Charge  
  61  5:57  Probe  
  61  5:58  Probe  
  61  6:01  Immortal (Chrono Boost)  
  67  6:07  Pylon  
  69  6:11  Probe (Chrono Boost)  
  69  6:12  Probe (Chrono Boost)  
  69  6:18  Probe (Chrono Boost)  
  69  6:21  Protoss Ground Weapons Level 2 (Chrono Boost)  
  72  6:27  Probe (Chrono Boost)  
  72  6:28  Probe x2 (Chrono Boost)  
  73  6:33  Gateway  
  73  6:34  Probe x2, Gateway  
  73  6:36  Probe  
  75  6:41  Stalker  
  75  6:42  Zealot x2  
  75  6:46  Probe  
  82  6:47  Pylon  
  82  6:51  Observer (Chrono Boost)  
  83  6:57  Zealot x3  
  89  7:02  Pylon  
  89  7:05  Nexus  
  89  7:10  Immortal (Chrono Boost)  
  93  7:18  Pylon  
  93  7:19  Pylon  
  93  7:20  Probe x3  
  96  7:30  Zealot  
  96  7:31  Zealot x5  
  96  7:33  Pylon  
  108  7:42  Probe x2  
  108  7:43  Gateway  
  110  7:44  Probe, Gateway  
  111  7:56  Zealot  
  111  7:57  Zealot x5  
  123  8:00  Probe x2  
  123  8:01  Probe  
  123  8:02  Warp Prism (Chrono Boost)  
  126  8:09  Photon Cannon  
  128  8:15  Photon Cannon  
  128  8:18  Photon Cannon  
  128  8:22  Photon Cannon  
  128  8:23  Sentry x2  
  128  8:24  Zealot  
  128  8:26  Zealot  
  136  8:27  Zealot  
  138  8:44  Zealot x2  
  138  8:45  Zealot x3  
  148  9:01  Pylon  
  148  9:02  Pylon  
  146  9:08  Stalker  
  148  9:12  Pylon  
  140  9:21  Stalker x2  
  140  9:22  Stalker  
  124  9:31  Zealot  
  124  9:32  Zealot  
  124  9:33  Zealot x2  
  124  9:34  Zealot  
  110  9:48  Probe x3  
  110  9:55  Zealot x2  
  110  9:56  Zealot, Stalker x4  
  110  9:57  Stalker  
  126  10:02  Warp Prism (Chrono Boost)  
  126  10:03  Probe x2  
  126  10:04  Probe x2  
  126  10:06  Pylon  
  132  10:07  Pylon  
  132  10:09  Photon Cannon  
  132  10:15  Probe  
  132  10:16  Probe x3  
  132  10:18  Zealot x3  
  132  10:19  Zealot x3  
  148  10:23  Nexus  
  148  10:24  Pylon  
  140  10:31  Zealot x2  
  140  10:32  Zealot x2  
  115  10:44  Zealot x4  
  115  10:45  Zealot x5  
Show
View Real Time Build Order
Export as new Build Order

Firefly Protoss - Winner!

Build Orders: Phoenix Opening, Blink Stalkers 

Get SALT Encoding   

  12  0:00  Probe  
  13  0:12  Probe  
  14  0:17  Pylon  
  14  0:24  Probe  
  15  0:35  Gateway  
  15  0:36  Probe (Chrono Boost)  
  16  0:46  Assimilator, Probe (Chrono Boost)  
  17  0:51  Probe (Chrono Boost)  
  17  0:57  Assimilator  
  18  1:03  Probe (Chrono Boost)  
  19  1:07  Gateway  
  19  1:12  Probe (Chrono Boost)  
  19  1:17  Probe (Chrono Boost)  
  20  1:23  Cybernetics Core  
  21  1:32  Probe  
  22  1:38  Pylon  
  22  1:44  Probe  
  23  1:56  Probe  
  23  2:00  Stalker x2  
  28  2:02  Warp Gate  
  28  2:08  Probe  
  29  2:16  Pylon  
  29  2:21  Probe  
  30  2:28  Pylon  
  30  2:33  Sentry, Probe  
  30  2:35  Sentry  
  35  2:56  Nexus  
  35  3:01  Shield Battery  
  35  3:03  Phoenix  
  35  3:05  Probe  
  36  3:12  Pylon  
  36  3:17  Probe  
  37  3:23  Twilight Council  
  37  3:29  Probe (Chrono Boost)  
  37  3:30  Sentry  
  41  3:41  Probe (Chrono Boost)  
  41  3:46  Probe (Chrono Boost)  
  42  3:52  Stalker  
  44  3:56  Probe (Chrono Boost)  
  44  3:57  Blink (Chrono Boost)  
  44  4:01  Stalker  
  47  4:07  Probe (Chrono Boost)  
  49  4:10  Probe (Chrono Boost)  
  49  4:15  Probe  
  49  4:16  Stalker  
  52  4:21  Probe  
  53  4:24  Stalker  
  55  4:40  Nexus  
  55  4:44  Robotics Facility  
  55  4:50  Probe, Forge  
  55  4:51  Probe (Chrono Boost)  
  57  4:59  Pylon  
  55  5:03  Probe (Chrono Boost)  
  55  5:05  Assimilator  
  57  5:08  Probe (Chrono Boost), Adept x2  
  57  5:12  Probe (Chrono Boost)  
  62  5:17  Shield Battery, Probe  
  62  5:19  Probe  
  62  5:20  Protoss Ground Weapons Level 1 (Chrono Boost)  
  64  5:29  Observer (Chrono Boost), Probe  
  64  5:31  Probe  
  48  5:35  Phoenix  
  67  5:36  Gateway  
  67  5:37  Gateway  
  67  5:41  Probe (Chrono Boost)  
  66  5:45  Observer (Chrono Boost)  
  66  5:47  Probe (Chrono Boost)  
  66  5:52  Stalker x2  
  66  5:53  Probe (Chrono Boost)  
  73  5:57  Probe (Chrono Boost)  
  73  5:58  Probe (Chrono Boost)  
  73  6:00  Probe (Chrono Boost)  
  74  6:04  Probe  
  74  6:09  Pylon  
  74  6:10  Probe  
  78  6:11  Pylon  
  78  6:12  Probe  
  78  6:16  Stalker x2, Probe  
  82  6:21  Charge  
  82  6:25  Nexus  
  82  6:29  Pylon  
  82  6:34  Stalker  
  82  6:35  Stalker  
  86  6:40  Gateway  
  86  6:47  Gateway  
  86  6:49  Gateway  
  86  6:50  Immortal, Gateway  
  86  6:54  Gateway  
  86  6:55  Gateway  
  86  6:57  Observer  
  90  7:02  Pylon  
  90  7:04  Probe  
  90  7:06  Photon Cannon  
  90  7:07  Protoss Ground Weapons Level 2 (Chrono Boost)  
  91  7:11  Shield Battery  
  91  7:21  Zealot x4  
  99  7:23  Observer  
  99  7:25  Pylon  
  100  7:41  Templar Archives  
  100  7:42  Zealot x5, Pylon  
  110  7:44  Pylon  
  110  7:48  Zealot x2  
  114  7:53  Warp Prism (Chrono Boost)  
  114  7:55  Zealot  
  114  7:56  Probe  
  114  7:57  Probe  
  119  7:59  Probe x2  
  121  8:14  Zealot x2  
  121  8:15  Zealot x4  
  121  8:17  Probe  
  121  8:19  Pylon  
  134  8:20  Probe  
  134  8:22  Immortal (Chrono Boost)  
  135  8:30  High Templar x2  
  143  8:40  Zealot x6, Archon  
  154  8:46  Zealot x2  
  156  9:03  Zealot x4  
  156  9:08  Pylon  
  162  9:11  Pylon  
  162  9:17  Stalker  
  162  9:21  Zealot  
  160  9:29  Zealot  
  160  9:30  Archon x3  
  160  9:31  Zealot x5  
  160  9:32  Zealot x2  
  172  9:44  Zealot x2  
  162  9:55  High Templar x3  
  162  9:56  Zealot x6, High Templar  
  162  9:59  Gateway  
  168  10:01  Gateway  
  168  10:03  Archon x2, Warp Prism  
  168  10:05  Gateway  
  170  10:07  Gateway  
  170  10:17  Zealot x5, Nexus  
  176  10:40  Stalker x4  
  180  10:48  Zealot x2  
  180  10:55  Pylon  
  160  10:58  Pylon  
  160  11:00  Pylon  
  160  11:01  Pylon  
  160  11:03  Pylon, Zealot x2  
Tags
 
Add a new tag
Caveats
  • Supply blocks, unpowered buildings, or Contaminate may cause inaccurate times.
  • Supply counts are checked every 10 seconds.